AoeStats
← zar

Arena

508803845Analyzed
3v3 RM · 8d ago on Sep 24, 2026· 43m 0s· 6 players
Game mode
Random Map
Map size
Normal (6 player)
Population
200
Speed
Normal
Resources
Standard
Victory
Conquest
Starting age
Dark Age
Ending age
Imperial Age
RankedLock teamsTeams togetherTeam positionsShared explorationLock speedFull tech treeHidden civsTurbo modeCheats
Victory
Defeat
🇺🇸 Bohemians · United States
1024
+15
🇦🇷 Ethiopians · Argentina
993
+16
🇨🇳 Britons · China
944
+18
🇵🇪 Aztecs · Peru
1035
-18
🇵🇪 Turks · Peru
978
-16
🇵🇪 Chinese · Peru
971
-15
Bvptistvs III
10:50 Feudal Age
15:18 Castle Age
13:27 Double-Bit Axe
15:52 Gold Mining
16:17 Horse Collar
17:08 Crossbowman
18:10 Padded Archer Armor
18:42 Fletching
22:51 Loom
26:18 Bodkin Arrow
26:43 Leather Archer Armor
28:51 Ballistics
29:49 Scale Mail Armor
30:33 Bow Saw
33:01 Chain Mail Armor
32:56 Thumb Ring
34:25 Gold Shaft Mining
34:53 Heavy Plow
36:39 Loom
40:19 Imperial Age
39:41 Wheelbarrow
38:52 Town Watch
41:02 Arbalester
43:36 Bracer
jussilliman
2:33 Loom
9:42 Feudal Age
18:01 Castle Age
18:25 Pikeman
19:11 Padded Archer Armor
20:33 Chemistry
19:25 Horse Collar
21:25 Leather Archer Armor
21:01 Fletching
21:15 Squires
22:44 Bodkin Arrow
22:51 Double-Bit Axe
37:54 Imperial Age
38:34 Capped Ram
39:30 Halberdier
41:02 Wheelbarrow
41:43 Ring Archer Armor
41:54 Bracer
42:36 Wagenburg Tactics
Leo
10:02 Feudal Age
11:16 Double-Bit Axe
14:23 Gold Mining
17:33 Castle Age
16:18 Stone Mining
23:23 Fervor
24:02 Bow Saw
23:57 Horse Collar
29:52 Imperial Age
28:35 Gold Shaft Mining
27:52 Fletching
29:24 Wheelbarrow
29:41 Bodkin Arrow
31:26 Ballistics
32:08 Chemistry
32:44 Conscription
33:08 Bracer
33:09 Padded Archer Armor
34:25 Yeomen
35:11 Leather Archer Armor
35:03 Siege Engineers
34:24 Elite Longbowman
35:27 Squires
34:48 Pikeman
35:16 Gambesons
36:36 Two-Man Saw
35:46 Halberdier
38:48 Hand Cart
38:22 Loom
39:09 Ring Archer Armor
41:06 Sanctity
40:28 Treadmill Crane
40:34 Arrowslits
41:06 Warwolf
Mon Coeur
10:06 Feudal Age
13:34 Castle Age
12:02 Double-Bit Axe
14:27 Bow Saw
16:12 Horse Collar
19:44 Loom
20:20 Scale Mail Armor
20:56 Sanctity
20:51 Gambesons
21:44 Fervor
22:09 Eagle Warrior
23:30 Chain Mail Armor
23:09 Gold Mining
24:01 Wheelbarrow
24:48 Eagle Warrior
26:42 Hand Cart
27:21 Forging
32:53 Fletching
37:06 Imperial Age
35:00 Padded Archer Armor
35:02 Gold Mining
35:04 Stone Mining
36:03 Ballistics
35:17 Elite Skirmisher
36:39 Bodkin Arrow
37:36 Squires
38:15 Leather Archer Armor
38:58 Gold Shaft Mining
39:42 Bracer
39:38 Town Watch
42:02 Conscription
42:51 Iron Casting
42:29 Atlatl
zar
0:28 Loom
10:38 Feudal Age
17:33 Castle Age
17:23 Forging
21:20 Padded Archer Armor
30:39 Scale Mail Armor
31:18 Gold Mining
33:12 Double-Bit Axe
39:43 Horse Collar
41:25 Gold Shaft Mining
41:39 Wheelbarrow
Skynet
10:49 Feudal Age
12:37 Loom
16:19 Castle Age
15:05 Gold Mining
15:03 Double-Bit Axe
23:14 Imperial Age
20:34 Double-Bit Axe
25:24 Scale Barding Armor
26:28 Forging
28:13 Iron Casting
30:47 Fletching
32:18 Husbandry
32:30 Bloodlines
32:50 Chain Barding Armor
36:22 Blast Furnace
41:48 Plate Barding Armor
Connection lost

Rejoining the realm…

Still unreachable

The connection could not be restored.

Session expired

The server has moved on; the page needs a fresh start.